 Dungeon Crawl Stone Soup version 0.23.0-28-g6fe0f4d (webtiles) character file.

Game seed: 10009697592201341084

52 sking99 the Grasshopper (level 3, 0/25 HPs)
             Began as an Octopode Warper on Feb 25, 2019.
             Slain by a goblin
             ... wielding a +0 club
              (1 damage)
             ... on level 2 of the Dungeon.
             The game lasted 00:03:16 (1985 turns).

sking99 the Grasshopper (Octopode Warper)           Turns: 1985, Time: 00:03:17

Health: 0/25       AC:  1    Str:  8 (10) XL:     3   Next: 85%
Magic:  5/6        EV: 13    Int: 15 (16) God:
Gold:   5          SH:  0    Dex:  9 (11) Spells: 2/6 levels left

rFire    . . .     SeeInvis .   a - +0 spear
rCold    . . .     Gourm    .   (no shield)
rNeg     . . .     Faith    .   (helmet restricted)
rPois    .         Spirit   .   (no amulet)
rElec    .         Reflect  .   (no ring)
rCorr    .         Harm     .   (no ring)
MR       .....                  (no ring)
Stlth    ++........             (no ring)
HPRegen  0.08/turn              (no ring)
MPRegen  0.10/turn              (no ring)
                                (no ring)
                                (no ring)

@: no status effects
A: almost no armour, stealthy swim, amphibious, 8 rings, constrict 8, camouflage
1, gelatinous body 1
a: no special abilities


You were on level 2 of the Dungeon.
You were hungry.

You visited 1 branch of the dungeon, and saw 2 of its levels.

You collected 5 gold pieces.

Inventory:

Hand Weapons
 a - a +0 spear (weapon)
Missiles
 d - 5 tomahawks of dispersal (quivered)
Scrolls
 b - 2 scrolls of identify
 c - a scroll of teleportation {unknown}
 i - 2 scrolls of remove curse
 j - a scroll of blinking
Comestibles
 f - 3 rations
 g - 8 chunks of flesh


   Skills:
 + Level 2.5 Fighting
 * Level 3.0 Polearms
 - Level 1.0 Throwing
 + Level 2.9 Dodging
 - Level 2.0 Spellcasting
 + Level 0.3 Charms
 + Level 3.0 Translocations


You had 2 spell levels left.
You knew the following spells:

 Your Spells              Type           Power        Failure   Level  Hunger
a - Blink                 Tloc           N/A          10%         2    ###....
b - Shroud of Golubria    Chrm/Tloc      #.........   17%         2    ###....

Your spell library contained the following spells:

 Spells                   Type           Power        Failure   Level  Hunger
 Gell's Gravitas          Tloc           ##........   19%         3    ###....
 Lesser Beckoning         Tloc           ##........   19%         3    ###....
 Teleport Other           Tloc           ##......     19%         3    ###....
 Passage of Golubria      Tloc           N/A          52%         4    #####..


Dungeon Overview and Level Annotations

Branches:
Dungeon (2/15)

Altars:

Annotations:
D:2 Sigmund


Innate Abilities, Weirdness & Mutations

You cannot wear most types of armour.
You are very stealthy in the water. (Stealth+)
You are amphibious.
You can wear up to eight rings at the same time.
You can use your tentacles to constrict eight enemies at once.
Your skin changes colour to match your surroundings (Stealth+).
Your rubbery body absorbs attacks. (AC +1, EV +1)


Message History

It was a potion of degeneration.
There was something very wrong with that liquid.
You feel weakened.
You feel dopey.
You feel clumsy. The goblin hits you with a +0 club.
* * * LOW HITPOINT WARNING * * *
You're too confused!
You feel less confused.
Sigmund casts a spell.
Sigmund flickers and vanishes!
Deactivating autopickup; reactivate with Ctrl-A.
As you read the scroll labeled VUUX MAFA QIOGG, it crumbles to dust.
It is a scroll of identify.
i - 2 scrolls of remove curse The goblin completely misses you.
As you read the scroll labeled MIRGHOI QOECUS, it crumbles to dust.
The creatures around you are filled with an inner flame!
It was a scroll of immolation.
Something hits you.
* * * LOW HITPOINT WARNING * * *
The goblin hits you with a +0 club.
You die...

.####....## #..
..###.########..
##...........###.
##.............###
#...............##
#...............##
#.................
####.##.................
#......@g...............
#.......................
........................
#########...%...........
################


You could see a goblin (inner flame).

Vanquished Creatures
  An ooze (D:1)
  2 dart slugs (D:1)
  A leopard gecko (D:1)
  3 bats
  3 giant cockroaches
  7 goblins
  3 hobgoblins
  6 jackals (D:1)
  5 kobolds (D:1)
  4 frilled lizards
  4 rats (D:1)
39 creatures vanquished.

Notes
Turn   | Place    | Note
-------+----------+-------------------------------------------
     0 | D:1      | sking99 the Octopode Warper began the quest for the Orb.
     0 | D:1      | Reached XP level 1. HP: 14/14 MP: 3/3
   458 | D:1      | Reached XP level 2. HP: 13/19 MP: 5/5
  1014 | D:1      | Reached XP level 3. HP: 21/25 MP: 6/6
  1041 | D:1      | Learned a level 2 spell: Blink
  1044 | D:1      | Learned a level 2 spell: Shroud of Golubria
  1954 | D:2      | Noticed Sigmund
  1985 | D:2      | HP: 1/25 [something (2)]
  1985 | D:2      | Slain by a goblin

Skill      XL: |  1  2  3 |
---------------+----------+-----
Polearms       | 3 |  3.0
Fighting       | |  2.5
Throwing       | |  1.0
Dodging        | |  2.9
Spellcasting   | |  2.0
Charms         | |  0.3
Translocations | |  3.0

Action                   || total
-------------------------++-------
Melee: Spear             ||   108
       Constrict         ||    21
       Tentacles         ||     8
 Cast: Shroud of Golubri ||     2
  Use: Scroll            ||     3
       Potion            ||     1
 Stab: Sleeping          ||     9
  Eat: Chunk             ||     3
Armor: Skin              ||     4
Dodge: Dodged            ||    80
